 Dungeon Sprint DCSS version 0.21-a0-405-gf2af9a1 (webtiles) character file.

8 Kidiri the Insei (level 1, -1/16 HPs)
             Began as a Demigod Transmuter on Nov 1, 2017.
             Slain by an iguana (9 damage)
             ... in the Dungeon (Sprint IX: "|||||||||||||||||||||||||||||").
             The game lasted 00:00:36 (340 turns).

Kidiri the Insei (Demigod Transmuter)                Turns: 340, Time: 00:00:36

Health: -1/16      AC:  2    Str: 13    XL:     1   Next: 80%
Magic:  5/6        EV: 13    Int: 17    God:
Gold:   0          SH:  0    Dex: 16    Spells: 3/4 levels left

rFire    . . .     SeeInvis .     - Unarmed
rCold    . . .     Gourm    .   (no shield)
rNeg     . . .     Faith    .   b - +0 robe
rPois    .         Spirit   .   (no helmet)
rElec    .         Reflect  .   (no cloak)
rCorr    .         Harm     .   (no gloves)
MR       .....     NoTele   +   (no boots)
Stlth    ++........             (no amulet)
HPRegen  0.05/turn              (no ring)
MPRegen  0.10/turn              (no ring)

@: appendage
A: horns 2, high mp 1
a: End Transformation


You were in the Dungeon.
You were not hungry.
You had grown temporary horns.
You visited 1 branch

Inventory:

Missiles
 a - 12 arrows
Armour
 b - a +0 robe (worn)
Scrolls
 j - a scroll of blinking
Potions
 e - a potion of curing
 f - a potion of heal wounds
 g - a potion of haste
 h - 2 potions of magic
 i - a potion of berserk rage
Books
 c - a book of Changes

   Spells                             Type                      Level
   a - Beastly Appendage              Transmutation                1
   b - Sticks to Snakes               Transmutation                2
   c - Spider Form                    Transmutation/Poison         3
   d - Ice Form                       Ice/Transmutation            4
   e - Blade Hands                    Transmutation                5
Comestibles
 d - a bread ration


   Skills:
 * Level 1.6 Fighting
 + Level 0.7 Armour
 * Level 2.2 Dodging
 + Level 0.7 Stealth
 * Level 3.1 Unarmed Combat
 * Level 2.2 Spellcasting
 + Level 2.1 Transmutations


You had 3 spell levels left.
You knew the following spells:

 Your Spells              Type           Power        Failure   Level  Hunger
a - Beastly Appendage     Tmut           #.....       8%          1    #......


Dungeon Overview and Level Annotations

Branches:
Dungeon (1/1)


Innate Abilities, Weirdness & Mutations

You have an increased reservoir of magic. (+10% MP)
You have a pair of horns on your head.


Message History

Unknown command.
You hit the iguana but do no damage.
The iguana is lightly wounded.
The iguana misses you.
Unknown command.
You hit the iguana but do no damage.
The iguana is lightly wounded.
The iguana completely misses you.
Unknown command.
Casting: Beastly Appendage
Confirm with . or Enter, or press ? or * to list all spells.
You grow a pair of large bovine horns.
The iguana closely misses you.
You hit the iguana.
The iguana is moderately wounded.
The iguana bites you!
You hit the iguana. You headbutt the iguana.
The iguana is heavily wounded.
The iguana bites you!
Ouch! That really hurt!
You die...

▓+▓
▓.▓
▓S▓
▓l▓
▓w▓
▓l▓
▓@▓
▓.▓
▓.▓
▓.▓
▓.▓
▓)▓
▓'▓
▓.▓
▓.▓


You could see a worm, an iguana, an adder and a leopard gecko.

Vanquished Creatures
  An orc (D)
  A giant cockroach (D)
  2 goblins (D)
  A hobgoblin (D)
  A rat (D)
6 creatures vanquished.

Notes
Turn   | Place    | Note
-------+----------+-------------------------------------------
     0 | D        | Kidiri the Demigod Transmuter began the quest for the Orb.
     0 | D        | Reached XP level 1. HP: 15/15 MP: 5/5
     5 | D        | Reached skill level 1 in Fighting
    17 | D        | Reached skill level 3 in Unarmed Combat
   326 | D        | Noticed an iguana
   340 | D        | Slain by an iguana

Vault maps used:
D:        linesprint

Skill      XL: |  1 |
---------------+----+-----
Fighting       | 1 |  1.6
Dodging        | 2 |  2.2
Spellcasting   | 2 |  2.2
Transmutations | 2 |  2.1
Unarmed Combat | 3 |  3.1
Armour         | |  0.7
Stealth        | |  0.7

Action                   || total
-------------------------++-------
Melee: Unarmed           ||    26
       Kick              ||     2
       Headbutt          ||     2
       Punch             ||     1
 Cast: Beastly Appendage ||     3
Armor: Robe              ||     1
Dodge: Dodged            ||    13

Table legend:
 A = Spawn XP
 B = Non-spawn XP
 C = Spawn XP percentage of total XP
 D = Spawn monster count
 E = Non-spawn monster count
 F = Spawn count percentage of total count
 G = Total turns spent on level
                    A         B        C        D         E        F      G
               +---------+---------+-------+---------+---------+-------+---------
         Total |       0 |      12 |   0.0 |       0 |       6 |   0.0 |   340
               +---------+---------+-------+---------+---------+-------+---------
             D |       0 |      12 |   0.0 |       0 |       6 |   0.0 |   340
               +---------+---------+-------+---------+---------+-------+---------
